AoeStats
← black forest or quit

Black Forest

510237769Analyzed
2v2 RM · 18h ago on Sep 30, 2026· 36m 18s· 4 players
Game mode
Random Map
Map size
Medium (4 player)
Population
200
Speed
Normal
Resources
Standard
Victory
Conquest
Starting age
Dark Age
Ending age
Imperial Age
RankedLock teamsTeams togetherTeam positionsShared explorationLock speedFull tech treeHidden civsTurbo modeCheats
Victory
Defeat
🇧🇷 Mongols · Brazil
966
+16
🇨🇴 Turks · Colombia
951
+16
🇺🇸 Persians · United States
997
-17
🇺🇸 Slavs · United States
923
-15
Papayo27
0:49 Loom
11:21 Feudal Age
13:34 Double-Bit Axe
16:11 Wheelbarrow
17:41 Castle Age
16:54 Gold Mining
16:58 Stone Mining
19:11 Horse Collar
20:41 Heavy Plow
21:58 Gold Shaft Mining
22:20 Bow Saw
28:37 Wheelbarrow
31:42 Imperial Age
32:36 Ballistics
35:12 Bloodlines
35:41 Elite Janissary
nicolaiequal
1:16 Loom
11:39 Feudal Age
16:45 Castle Age
17:37 Husbandry
17:48 Bloodlines
18:14 Double-Bit Axe
19:05 Stone Mining
22:00 Forging
21:55 Scale Barding Armor
22:14 Horse Collar
23:13 Fishing Lines
24:40 Bow Saw
25:57 Scale Barding Armor
26:27 Fletching
27:45 Bodkin Arrow
28:26 Iron Casting
29:06 Ballistics
33:05 Imperial Age
31:02 Padded Archer Armor
33:15 Chain Barding Armor
33:55 Gold Mining
34:09 Heavy Plow
35:11 Chemistry
34:59 Wheelbarrow
35:02 Bracer
36:02 Blast Furnace
36:43 Gold Shaft Mining
black forest or quit
0:30 Loom
10:11 Feudal Age
11:28 Wheelbarrow
10:42 Double-Bit Axe
13:55 Horse Collar
20:31 Castle Age
18:26 Stone Mining
18:29 Gold Mining
22:16 Bow Saw
22:27 Heavy Plow
27:43 Forging
27:38 Scale Barding Armor
29:15 Iron Casting
30:36 Chain Barding Armor
31:07 Husbandry
31:18 Bloodlines
32:04 Gold Shaft Mining
34:49 Detinets
bradleytori531
0:28 Loom
16:20 Feudal Age
17:11 Stone Mining
17:03 Horse Collar
17:18 Gold Mining
17:18 Double-Bit Axe
23:09 Castle Age
23:48 Heavy Plow
24:28 Stone Shaft Mining
24:32 Gold Shaft Mining
24:11 Bow Saw
24:15 Caravan
27:52 Scale Barding Armor
27:57 Forging
29:15 Chain Barding Armor
29:46 Wheelbarrow
30:29 Iron Casting
31:28 Hand Cart
38:37 Imperial Age
Connection lost

Rejoining the realm…

Still unreachable

The connection could not be restored.

Session expired

The server has moved on; the page needs a fresh start.